Map: [ESL] Hardwire

Players

Rogue - Winner!

  • Race: Zerg Zerg

Bunny

  • Race: Terran Terran

Event: IEM Katowice 2022

VOD

Have the link to the VOD?

Description

Time

  • Played on: Feb. 26, 2022, 6:06 p.m.
  • Length: 9:57

All games in this series

Show
View Real Time Build Order
Export as new Build Order

Rogue Zerg - Winner!

Build Orders: Hatch First 

Get SALT Encoding   

  12  0:00  Drone  
  13  0:12  Overlord  
  13  0:17  Drone  
  14  0:30  Drone x2  
  16  0:48  Hatchery  
  15  0:50  Drone  
  15  0:54  Drone  
  17  0:57  Drone  
  18  1:08  Extractor  
  17  1:13  Spawning Pool  
  17  1:16  Drone  
  17  1:19  Drone  
  18  1:28  Drone  
  19  1:39  Drone  
  20  1:50  Drone  
  21  1:59  Queen  
  21  2:00  Queen, Zergling x4  
  27  2:11  Zergling x2  
  27  2:12  Overlord  
  28  2:21  Hatchery, Drone  
  28  2:32  Drone x2  
  28  2:33  Drone  
  31  2:38  Queen  
  31  2:43  Metabolic Boost  
  33  2:48  Overlord  
  33  2:50  Drone  
  34  2:54  Drone  
  34  2:55  Drone  
  36  3:10  Drone x3  
  36  3:11  Drone x2  
  41  3:14  Queen  
  41  3:19  Overlord  
  43  3:22  Drone  
  44  3:34  Queen, Overlord  
  44  3:36  Drone x2  
  44  3:38  Drone  
  48  3:43  Drone x2  
  48  3:46  Drone  
  48  3:47  Roach Warren  
  50  3:49  Extractor  
  50  3:50  Queen  
  50  3:53  Zergling x4  
  53  3:59  Drone x3  
  53  4:00  Drone  
  57  4:05  Overlord  
  57  4:07  Zergling x2  
  58  4:17  Overlord  
  58  4:19  Extractor  
  58  4:21  Overlord  
  57  4:29  Roach x7  
  71  4:31  Overlord  
  71  4:33  Overlord  
  71  4:37  Roach  
  73  4:45  Zergling x8  
  77  4:52  Zergling x12  
  82  4:54  Ravager  
  82  4:55  Ravager  
  84  5:03  Zergling x10  
  84  5:05  Zergling x2  
  90  5:09  Ravager  
  90  5:10  Overlord  
  90  5:13  Ravager  
  92  5:19  Overlord x2  
  92  5:23  Overlord  
  92  5:26  Overlord  
  92  5:31  Zergling x12  
  98  5:39  Zergling x2  
  98  5:40  Zergling x8  
  99  5:42  Zergling x2  
  99  5:44  Ravager x3  
  99  5:46  Zergling x2  
  99  5:48  Zergling x2  
  89  5:56  Zergling x2  
  80  5:58  Lair  
  80  6:03  Drone x4  
  74  6:08  Drone x2  
  74  6:10  Spore Crawler  
  74  6:11  Spore Crawler  
  71  6:16  Spore Crawler  
  70  6:21  Drone  
  70  6:22  Drone  
  70  6:23  Drone x5  
  75  6:29  Queen  
  75  6:31  Drone x2  
  78  6:33  Drone  
  78  6:34  Drone x2, Extractor  
  78  6:36  Drone  
  78  6:37  Drone  
  78  6:38  Drone  
  79  6:41  Drone, Extractor  
  79  6:42  Extractor  
  79  6:43  Drone  
  79  6:45  Drone x2  
  81  6:48  Drone  
  81  6:49  Drone  
  81  6:52  Drone  
  84  6:55  Evolution Chamber  
  84  6:56  Drone  
  84  6:57  Evolution Chamber  
  83  7:05  Spire  
  81  7:10  Drone x6  
  81  7:11  Baneling Nest  
  86  7:19  Zergling x12  
  92  7:23  Overlord  
  92  7:25  Zergling x8  
  92  7:29  Zerg Ground Armor Level 1  
  96  7:32  Zerg Melee Weapons Level 1  
  96  7:34  Zergling x4  
  96  7:35  Zergling x2  
  99  7:38  Zergling x2  
  99  7:42  Zergling x6  
  99  7:43  Zergling x4  
  98  7:49  Zergling x2  
  99  7:54  Centrifugal Hooks  
  99  7:55  Baneling x6  
  99  7:56  Baneling x2  
  99  7:58  Zergling x12  
  105  8:05  Zergling x12  
  110  8:13  Overlord  
  110  8:14  Drone  
  110  8:15  Drone  
  112  8:25  Hatchery  
  111  8:29  Overlord  
  111  8:31  Mutalisk  
  111  8:32  Mutalisk x5  
  123  8:39  Mutalisk x4  
  130  8:42  Mutalisk  
  132  8:49  Baneling x5  
  132  8:50  Zergling x8  
  136  8:56  Zergling x8  
  136  8:57  Zergling x2  
  136  9:01  Baneling x6  
  136  9:02  Baneling x3  
  140  9:06  Zergling x6  
  143  9:10  Baneling x5  
  143  9:13  Zergling x2  
  143  9:14  Zergling x6  
  146  9:17  Overlord  
  146  9:19  Overlord  
  146  9:21  Zergling x4  
  148  9:35  Zergling x6  
  148  9:38  Zergling x6  
Show
View Real Time Build Order
Export as new Build Order

Bunny Terran 

Build Orders: Command Center First (CC), Hellion Opening 

Get SALT Encoding   

  12  0:00  SCV  
  13  0:12  SCV  
  14  0:17  Supply Depot  
  14  0:24  SCV  
  15  0:39  SCV  
  16  0:51  SCV  
  17  0:58  Command Center  
  17  1:03  SCV  
  18  1:12  Barracks  
  18  1:16  SCV  
  19  1:19  Refinery  
  19  1:27  Refinery  
  19  1:31  SCV  
  20  1:43  SCV  
  21  1:55  SCV  
  21  2:00  Reaper  
  23  2:07  Orbital Command  
  23  2:10  Orbital Command  
  23  2:16  Factory  
  23  2:25  Supply Depot  
  23  2:32  Barracks Reactor  
  23  2:33  SCV  
  23  2:35  SCV  
  25  2:45  SCV  
  25  2:47  SCV  
  27  2:57  SCV  
  28  2:59  SCV  
  28  3:00  Starport  
  29  3:09  SCV  
  29  3:11  SCV, Hellion  
  29  3:12  Hellion  
  35  3:16  Supply Depot  
  35  3:17  Marine  
  36  3:21  SCV  
  36  3:23  SCV  
  38  3:33  Hellion x2  
  38  3:34  SCV  
  43  3:36  SCV  
  43  3:37  Fusion Core  
  43  3:38  Viking  
  43  3:40  Barracks Tech Lab  
  46  3:43  Supply Depot  
  46  3:46  SCV  
  46  3:48  SCV  
  48  3:54  Hellion  
  48  3:55  Hellion  
  52  3:58  SCV  
  52  4:00  SCV  
  54  4:10  SCV  
  54  4:11  Command Center  
  54  4:12  SCV  
  55  4:24  SCV x2  
  55  4:30  Supply Depot  
  57  4:39  Barracks, Barracks Tech Lab  
  57  4:41  Factory Reactor  
  57  4:42  SCV x2, Barracks  
  57  4:43  Battlecruiser  
  57  4:45  Refinery  
  65  4:48  Refinery  
  65  4:54  SCV x2, Engineering Bay x2  
  65  4:57  Marine  
  65  4:58  Stimpack  
  68  5:05  Supply Depot  
  68  5:06  SCV x2  
  70  5:14  Barracks  
  70  5:17  Barracks  
  70  5:18  SCV x2  
  72  5:24  Terran Infantry Weapons Level 1, Terran Infantry Armor Level 1  
  72  5:27  Marine  
  72  5:28  Marine x2  
  61  5:45  Marine x2  
  61  5:46  Marine  
  45  5:58  SCV  
  45  6:03  Marine  
  38  6:09  SCV  
  36  6:15  SCV x2  
  38  6:20  Marine x2  
  40  6:28  Marine x5  
  41  6:38  Marine  
  37  6:40  Combat Shield  
  37  6:42  SCV  
  37  6:44  SCV  
  39  6:51  Medivac  
  41  6:55  SCV  
  41  6:57  SCV  
  43  7:06  Marine x3  
  48  7:08  SCV  
  48  7:10  SCV  
  48  7:13  Orbital Command  
  48  7:20  SCV, Marine  
  48  7:22  SCV  
  50  7:27  Siege Tank  
  50  7:28  Marine  
  54  7:31  Marine x3  
  54  7:33  Marine  
  58  7:41  Medivac  
  58  7:42  Orbital Command  
  58  7:43  Marine x2  
  62  7:46  Marine  
  62  7:48  Marine  
  62  7:50  Marine  
  62  7:51  Marine x2  
  66  7:56  SCV  
  66  7:57  SCV  
  70  8:00  Siege Tank  
  70  8:01  Marine x2  
  74  8:06  Marine x2  
  74  8:08  Marine x2  
  74  8:09  SCV x2  
  74  8:11  SCV  
  70  8:12  Medivac  
  81  8:15  Marine  
  81  8:19  Marine  
  85  8:23  Supply Depot  
  85  8:26  Supply Depot  
  85  8:27  Marine x4  
  85  8:32  Siege Tank  
  92  8:42  Medivac  
  92  8:44  Marine x4  
  92  8:45  Marine x2  
  92  8:47  SCV  
  92  8:48  SCV x2  
  103  8:50  Marine  
  104  8:59  Supply Depot x2  
  104  9:01  Marine  
  104  9:02  Marine  
  106  9:04  Marine x2, Siege Tank  
  111  9:10  Marine x3  
  114  9:20  Marine  
  114  9:25  Marine x3  
  114  9:28  Marine  

Tags
 
Add a new tag
Caveats
  • Supply blocks, unpowered buildings, or Contaminate may cause inaccurate times.
  • Supply counts are checked every 10 seconds.